 Dungeon Crawl Stone Soup version 0.29.1-15-g9cfb28693d (webtiles) character file.

Game seed: 9655966387234496300

441898 manyhoops the Imperceptible (level 24, -61/192 HPs)
             Began as an Octopode Transmuter on Apr 5, 2023.
             Was an Initiate of Gozag.
             Killed from afar by an ancient lich (119 damage)
             ... with a crystal spear
             ... on level 5 of the Vaults on Apr 6, 2023.
             The game lasted 02:53:57 (58217 turns).

manyhoops the Imperceptible (Octopode Transmuter)  Turns: 58217, Time: 02:53:58

Health: -61/192    AC: 32    Str: 19    XL:     24   Next: 12%
Magic:  24/34      EV: 14    Int: 28    God:    Gozag
Gold:   3097       SH:  7    Dex:  9    Spells: 0/38 levels left

rFire   + + .      SeeInvis +     - Unarmed
rCold   + + .      Faith    .   w - +2 buckler {rC+}
rNeg    + + .      Spirit   .   c - +1 hat of Space {rElec rN+ Will++ Dex-3}
rPois   ∞          Reflect  .   G - amulet of Vitality {RegenMP++ Regen++}
rElec   +          Harm     .   q - ring of Taedicee {Int+4 SInv}
rCorr   .          Rampage  .   p - ring of protection from fire
Will    +++..                   o - +4 ring of slaying Stlth ***+++++++
                                t - ring "Vubbopro" {Wiz rElec rPois rC+ Str-4}
HPRegen 2.02/turn               a - ring "Veukku" {+Blink Fly rF+ Stlth+}
MPRegen 1.04/turn               E - +4 ring of protection
                                Y - +4 ring of protection
                                u - ring "Laot" {Str+3 Int+6 Stlth+}

@: statue-form, corroded, gold aura, flying, very slow
A: slow and powerful, torment resistance 1, boosted hp, almost no armour,
amphibious, 8 rings, camouflage 2, (gelatinous body 1), (nimble swimmer 1),
tentacles, tentacle spike 1, frail 1, strong 1
}: 2/15 runes: barnacled, gossamer
a: End Transformation, Renounce Religion, Evoke Blink, Potion Petition, Call
Merchant, Bribe Branch


You were on level 5 of the Vaults.
You worshipped Gozag.
Gozag was most pleased with you.
You were a living statue of rough stone.
You visited 9 branches of the dungeon, and saw 43 of its levels.
You visited the Abyss 2 times.
You also visited: Ice Cave.

You collected 23522 gold pieces.
You spent 11474 gold pieces at shops.
You paid 8951 gold pieces to Gozag.

Inventory:

Hand Weapons
 v - the +10 dagger of the Dark Horse {vorpal, *Slow rN+ Int+5}
   (You found it on level 14 of the Dungeon)

   It inflicts extra damage upon your enemies.
   Int:       It affects your intelligence (+5).
   rN:        It protects you from negative energy.
   *Slow:     It may slow you when you take damage.
Missiles
 b - a throwing net
 l - 48 poisoned darts
Armour
 c - the +1 hat of Space (worn) {rElec rN+ Will++ Dex-3}
   (You acquired it on level 2 of the Vaults)

   Dex:       It affects your dexterity (-3).
   rElec:     It insulates you from electricity.
   rN:        It protects you from negative energy.
   Will:      It greatly increases your willpower.
 w - a +2 buckler of cold resistance (worn)
Jewellery
 a - the ring "Veukku" (on tentacle) {+Blink Fly rF+ Stlth+}
   (You bought it in a shop on level 1 of the Depths)

   [ring of flight]

   rF:        It protects you from fire.
   Fly:       It grants you flight.
   +Blink:    It lets you blink.
   Stlth:     It makes you more stealthy.
 d - a ring of willpower
 o - a +4 ring of slaying (on tentacle)
 p - a ring of protection from fire (right tentacle)
 q - the ring of Taedicee (left tentacle) {Int+4 SInv}
   (You bought it in a shop on level 12 of the Dungeon)

   [ring of see invisible]

   Int:       It affects your intelligence (+4).
   SInv:      It lets you see invisible.
 r - a ring of protection from cold
 t - the ring "Vubbopro" (on tentacle) {Wiz rElec rPois rC+ Str-4}
   (You acquired it on level 4 of the Vaults)

   [ring of wizardry]

   It improves your spell success rate.
   Str:       It affects your strength (-4).
   rC:        It protects you from cold.
   rElec:     It insulates you from electricity.
   rPois:     It protects you from poison.
 u - the ring "Laot" (on tentacle) {Str+3 Int+6 Stlth+}
   (You found it on level 3 of the Elven Halls)

   [ring of intelligence]

   Str:       It affects your strength (+3).
   Int:       It affects your intelligence (+6).
   Stlth:     It makes you more stealthy.
 z - a ring of resist corrosion
 E - a +4 ring of protection (on tentacle)
 G - the amulet of Vitality (around mantle) {RegenMP++ Regen++}
   (You took it off a wight on level 9 of the Dungeon)

   [amulet of magic regeneration]

   It increases your rate of magic regeneration.
   Regen:     It increases your rate of health regeneration.
 N - a ring of protection from fire
 V - the amulet of the Four Winds {rN+ Will+++ Clar}
   (You bought it in a shop on level 12 of the Dungeon)

   [amulet of nothing]

   rN:        It protects you from negative energy.
   Clar:      It protects you against confusion.
   Will:      It greatly increases your willpower.
 X - the ring of Peaday {rElec rPois Str+6 Int-3 Stlth+}
   (You took it off a deep elf elementalist on level 3 of the Elven Halls)

   [ring of strength]

   Str:       It affects your strength (+6).
   Int:       It affects your intelligence (-3).
   rElec:     It insulates you from electricity.
   rPois:     It protects you from poison.
   Stlth:     It makes you more stealthy.
 Y - a +4 ring of protection (on tentacle)
Wands
 x - a wand of paralysis (32)
 L - a wand of digging (5)
 M - a wand of iceblast (20) (quivered)
 R - a wand of flame (45)
 W - a wand of light (12)
Scrolls
 s - a scroll of silence
 y - 4 scrolls of vulnerability
 A - 8 scrolls of amnesia
 B - 3 scrolls of immolation
 F - 6 scrolls of butterflies
 H - 2 scrolls of blinking
 O - 16 scrolls of identify
 P - a scroll of teleportation
 U - 6 scrolls of poison
Potions
 e - 5 potions of might
 f - 3 potions of heal wounds
 g - 8 potions of brilliance
 h - 6 potions of magic
 i - a potion of cancellation
 j - 7 potions of attraction
 k - 16 potions of curing
 m - 4 potions of lignification
 n - 14 potions of flight
 I - 6 potions of ambrosia
 K - 8 potions of haste
 Q - 5 potions of berserk rage
 S - 6 potions of invisibility
 Z - 3 potions of resistance
Miscellaneous
 C - a condenser vane
 D - a lightning rod (4/4)
 J - a box of beasts
 T - a phantom mirror


   Skills:
 * Level 13.7 Fighting
 - Level 10.5 Dodging
 - Level 26.2 Stealth
 - Level 6.0 Shields
 + Level 22.8 Unarmed Combat
 - Level 7.8 Spellcasting
 - Level 5.1 Summonings
 - Level 5.1 Translocations
 - Level 13.0 Transmutations
 - Level 15.6 Ice Magic
 - Level 7.6 Earth Magic
 - Level 16.0 Evocations


You couldn't memorise any spells.
You knew the following spells:

 Your Spells              Type           Power      Damage    Failure   Level
a - Frozen Ramparts       Ice            100%       1d16      1%          3
b - Wereblood             Tmut           71%        N/A       1%          2
c - Ice Form              Ice/Tmut       74%        N/A       1%          4
d - Statue Form           Tmut/Erth      41%        N/A       6%          6
e - Blade Hands           Tmut           35%        N/A       1%          5
f - Beastly Appendage     Tmut           100%       N/A       1%          1
g - Freezing Cloud        Conj/Ice/Air   20%        6-21      9%          5
h - Summon Forest         Summ/Tloc      19%        N/A       9%          5
i - Ozocubu's Refrigerat  Ice            39%        4d16      3%          7

Your spell library contained the following spells:

 Spells                   Type           Power      Damage    Failure   Level
 Freeze                   Ice            100%       1d11      0%          1
 Apportation              Tloc           78%        N/A       1%          1
 Sting                    Tmut/Pois      100%       1d8       1%          1
 Ignite Poison            Fire/Tmut/Pois 35%        N/A       1%          3
 Spider Form              Tmut/Pois      47%        N/A       1%          3
 Stone Arrow              Conj/Erth      64%        3d11      1%          3
 Hailstorm                Conj/Ice       53%        3d12      1%          4
 Magic Dart               Conj           40%        1d5       2%          1
 Summon Guardian Golem    Hex/Summ       25%        N/A       2%          3
 Passage of Golubria      Tloc           39%        N/A       3%          4
 Lee's Rapid Deconstruct  Erth           26%        3d15*     3%          5
 Poisonous Vapours        Pois/Air       20%        N/A       4%          2
 Searing Ray              Conj           20%        2d5       4%          2
 Static Discharge         Conj/Air       10%        3-5/arc   4%          2
 Alistair's Intoxication  Tmut/Pois      31%        N/A       4%          5
 Yara's Violent Unravell  Hex/Tmut       23%        3d10      4%          5
 Confusing Touch          Hex            10%        N/A       8%          3
 Conjure Flame            Conj/Fire      10%        6-21      8%          3
 Dazzling Flash           Conj/Hex       20%        N/A       8%          3
 Mephitic Cloud           Conj/Pois/Air  10%        N/A       8%          3
 Vampiric Draining        Necr           10%        2d6       8%          3
 Iskenderun's Mystic Bla  Conj/Tloc      25%        2d7       9%          4
 Summon Lightning Spire   Summ/Air       25%        N/A       9%          4
 Summon Mana Viper        Hex/Summ       25%        N/A       24%         5
 Dispel Undead            Necr           10%        3d9       26%         4
 Fulminant Prism          Conj/Hex       5%         3d7       26%         4
 Olgreb's Toxic Radiance  Pois           10%        N/A       26%         4
 Sticky Flame             Conj/Fire      10%        2d3       26%         4
 Eringya's Noxious Bog    Tmut/Pois      23%        N/A       26%         6
 Summon Cactus Giant      Summ           19%        N/A       41%         6
 Agony                    Necr           10%        N/A       54%         5
 Fireball                 Conj/Fire      5%         3d5       54%         5
 Silence                  Hex/Air        5%         N/A       54%         5
 Storm Form               Tmut/Air       23%        N/A       80%         7
 Starburst                Conj/Fire      5%         6d4       98%         6
 Spellforged Servitor     Conj/Summ      12%        N/A       99%         7
 Enfeeble                 Hex            5%         N/A       100%        7
 Orb of Destruction       Conj           5%         9d5       100%        7
 Ignition                 Fire           5%         3d4       100%        8
 Infestation              Necr           5%         N/A       100%        8
 Lehudib's Crystal Spear  Conj/Erth      16%        10d5      100%        8
 Maxwell's Capacitive Co  Air            5%         ∞         100%        8


Dungeon Overview and Level Annotations

Branches:
Dungeon (15/15)            Temple (1/1) D:6            Lair (5/5) D:8
 Shoals (4/4) Lair:2       Spider (4/4) Lair:3          Orc (2/2) D:9
    Elf (3/3) Orc:2        Vaults (5/5) D:14          Crypt (0/3) Vaults:3
 Depths (4/4) D:15            Zot (0/5) Depths:4      IceCv (visited)
  Slime: Lair:4-5

Altars:
Ashenzari
Cheibriados
Dithmenos
Elyvilon
Fedhas
Gozag
Hepliaklqana
Kikubaaqudgha
Makhleb
Nemelex Xobeh
Okawaru
Qazlal
Ru
Sif Muna
Trog
Uskayaw
Vehumet
Wu Jian
Xom
Yredelemnul
Zin
The Shining One
Jiyva

Shops:
D:1 !   D:3 [   D:12 ?*=   D:14 !   Orc:2 [([[   Spider:1 *?   Spider:2 :
Vaults:1 (   Vaults:2 ?   Vaults:4 ?   Depths:1 =   Depths:4 =(!=

Portals:
Hell: Depths:1 Depths:2 Depths:3 Depths:4
Pandemonium: Depths:1 Depths:2 Depths:4
Ziggurat: Depths:1

Annotations:
Lair:4 exclusion: 2 oklob plants


Innate Abilities, Weirdness & Mutations

You are a living statue of rough stone.
Your actions are slow, but your melee attacks are powerful.
You are resistant to unholy torment.
Your maximum health is greatly increased.
You are immune to poison.
You cannot wear most types of armour.
You are amphibious.
You can wear up to eight rings at the same time.
Your skin blends seamlessly with your surroundings (Stealth++).
((Your rubbery body absorbs attacks. (AC +1, EV +1)))
((You are camouflaged when in or above water. (Stealth+)))
You have tentacles for arms and can constrict up to eight enemies at once.
One of your tentacles bears a spike.
You are frail. (-10% HP)
Your muscles are strong. (Str +4, Int/Dex -1)


Message History

The lich resists.
The lich is lightly damaged.
The brown very ugly thing gurgles horribly!
The brown very ugly thing is moderately wounded.
The spark wasp is heavily wounded.
The tengu reaver is heavily wounded.
The ancient lich gestures at you while chanting.
The crystal spear hits you!!!
The lich gestures at you while chanting.
The bolt of cold hits you. You resist.
A golden dragon comes into view.
The deep elf high priest shoots an arrow.
The arrow misses you.
Unknown command.
Unknown command.
Casting: Ozocubu's Refrigeration (dangerous; 3% risk of failure)
Confirm with . or Enter, or press ? or * to list all spells.
The heat is drained from your surroundings.
You kill the deep elf high priest!
The ancient lich resists.
The ancient lich is lightly damaged.
The golden dragon resists.
The golden dragon is lightly wounded.
The lich resists.
The lich is lightly damaged.
The brown very ugly thing is severely wounded.
The spark wasp is almost dead.
You kill the tengu reaver!
The ancient lich points at you and mumbles some strange words.
The bolt of acid hits you!!! The acid corrodes you!
Unknown command.
Unknown command.
You block the spark wasp's attack. The ancient lich closely misses you.
The spark wasp stings you! The spark wasp shocks you. You resist.
The golden dragon breathes fire at you. The bolt of fire misses you.
The ancient lich points at you and mumbles some strange words.
The crystal spear hits you!!!!
Ouch! That really hurt!
You die...
Your body crumbles into a pile of gold.

$ $[ #...$# $.
$###$$..#..#
#.$#$.$.#...
D[...$.)...
#####....$.$$##
.$$$u.$[.[$..$.
..$...)L<<.....
$
.$...[L8y[<....
.$$.$[[$<<....o
#####.$[.[..$##
#.$.$$..$...
#.#$#....#[##
#.#.##$..$# #
##$# #....# $$
## #....# $


You could see a golden dragon (catching breath), an ancient lich (empowered), a
brown very ugly thing, a lich, an orc knight (wandering) and a spark wasp shaped
shifter.

Vanquished Creatures
  A juggernaut (Depths:3)
  Sojobo (Depths:2)
  Xtahua (Vaults:2)
  4 caustic shrikes (Depths:4)
  3 golden dragons (Depths:3)
  Nikola (Vaults:3)
  2 bone dragons (Abyss:3)
  the Enchantress (Depths:1)
  Arachne (Spider:4)
  The ghost of Laps the Ruinous, an adept DsCj of Vehumet (Vaults:1)
  Zenata (Elf:1)
  3 tentacled monstrosities
  A walking crystal tome (Depths:3)
  Rupert (D:14)
  A walking divine tome (Depths:3)
  4 liches
  2 quicksilver dragons (Depths:3)
  A sphinx (Vaults:1)
  2 deep elf blademasters (Elf:3)
  3 titans
  4 shadow dragons (Depths:4)
  2 tentacled starspawn
  5 tengu reavers
  A storm dragon (Depths:3)
  8 fire giants
  6 deep elf sorcerers
  3 emperor scorpions (Spider:4)
  2 iron dragons
  An orc warlord (Vaults:4)
  11 frost giants
  13 vault wardens
  A draconian stormcaller (Depths:4)
  3 ghost moths
  2 draconian annihilators (Depths:4)
  8 spriggan defenders
  A demonspawn corrupter (Abyss:3)
  7 deep elf elementalists (Elf:3)
  9 very ugly things
  14 ironbound preservers
  4 war gargoyles
  A broodmother (Spider:2)
  6 ironbound thunderhulks
  12 stone giants
  2 vampire knights
  A green draconian (Depths:4)
  2 deep elf demonologists
  A starflower (Abyss:3)
  9 deep elf annihilators
  15 starcursed masses (Abyss:3)
  Azrael (Elf:1)
  2 lorocyprocas
  13 spark wasps
  9 dire elephants
  6 deep elf death magi
  3 entropy weavers
  4 purple draconians (Depths:4)
  2 white draconians
  4 ettins
  5 fire dragons
  A merfolk impaler (Shoals:4)
  An ettin (shapeshifter) (D:15)
  9 yaktaur captains
  6 rakshasas
  7 deep elf high priests
  8 great orbs of eyes
  5 hydras
  3 peacekeepers
  A spriggan zombie (Depths:2)
  5 merfolk avatars (Shoals:4)
  8 boulder beetles
  15 ice dragons
  32 vault guards
  3 radroaches
  A merfolk aquamancer (Shoals:4)
  3 alligator snapping turtles
  11 two-headed ogres
  4 jorogumos
  2 ogre magi (Orc:2)
  6 spriggan air magi
  3 catoblepae
  A death knight (D:15)
  16 ironbound frosthearts
  11 centaur warriors
  A satyr (Shoals:4)
  2 orc high priests
  29 dancing weapons
  A tengu warrior (Depths:4)
  6 death scarabs (Spider:4)
  A deep troll earth mage (Depths:2)
  A titan zombie (Depths:2)
  2 vampire magi
  A deep troll shaman (Depths:4)
  5 thrashing horrors
  Urug (Lair:5)
  7 spriggan berserkers
  6 hell knights
  A soul eater (Abyss:3)
  2 wretched stars (Abyss:3)
  11 deep elf knights
  6 pharaoh ants
  A spatial maelstrom (Abyss:4)
  4 sea snakes
  8 skeletal warriors (D:15)
  4 large abominations (Abyss:3)
  A shadow wraith (Vaults:5)
  A steelbarb worm (shapeshifter) (Depths:4)
  38 deep trolls
  A sixfirhy (Depths:2)
  2 steelbarb worms
  A spriggan druid (Depths:2)
  9 deep elf archers
  4 glowing orange brains
  A shadow demon (Abyss:3)
  A flayed ghost (Abyss:3)
  9 orb spiders
  6 phantasmal warriors
  An orange crystal statue (IceCv)
  A spectral wolf spider (Spider:4)
  9 wizards
  7 orc knights
  19 ironbound convokers
  10 lindwurms (Vaults:1)
  4 wolf spider zombies
  11 wolf spiders
  5 harpies
  2 necromancers
  4 oklob plants (Lair:3)
  A mana viper (Abyss:3)
  15 deep elf zephyrmancers
  A fire giant zombie (Depths:2)
  4 cyclopes
  6 fauns (Shoals:4)
  30 deep elf pyromancers
  3 manticores
  2 orc sorcerers (Orc:1)
  40 ugly things
  A moth of wrath (shapeshifter) (Vaults:2)
  6 elephants
  4 centaur zombies (D:15)
  6 merfolk sirens
  2 worldbinders (Abyss:3)
  A black mamba (shapeshifter) (D:13)
  3 moths of wrath
  2 black mambas
  2 rust devils (Depths:2)
  15 vault sentinels
  2 water nymphs (Shoals:4)
  A titan simulacrum (Depths:2)
  5 torpor snails
  Maurice (Orc:2)
  2 unseen horrors (D:13)
  4 gargoyles
  3 smoke demons (Abyss:3)
  An efreet (D:14)
  An orange demon (Depths:2)
  A yaktaur (shapeshifter) (Elf:1)
  15 rime drakes
  6 komodo dragons
  10 cane toads
  9 spectral redbacks (Spider:4)
  A rime drake (shapeshifter) (D:14)
  7 demonic crawlers
  33 yaktaurs
  5 tengu conjurers
  11 trolls
  2 red devils (Depths:2)
  16 hornets
  11 polar bears
  2 spectral tarantellas (Spider:4)
  10 merfolk
  A tarantella (shapeshifter) (Abyss:3)
  25 tarantellas
  A spectral jumping spider (Spider:4)
  A jumping spider zombie (Spider:4)
  A raiju (Abyss:3)
  A tarantella zombie (Spider:4)
  6 dream sheep (Lair:5)
  16 blink frogs
  38 slime creatures
  6 snapping turtles
  3 meliai zombies (D:15)
  33 jumping spiders
  3 vampires (D:15)
  3 air elementals
  8 water elementals
  28 spriggans
  7 shadows
  18 culicivoras
  5 wraiths
  4 wyverns
  4 basilisks
  3 hogs (Elf:1)
  58 yaks
  4 small abominations (Abyss:3)
  A neqoxec (Depths:2)
  A ynoxinul (Depths:2)
  3 fire elementals
  A human (D:14)
  4 chaos spawn
  A golden eye (shapeshifter) (Elf:3)
  41 redbacks
  8 vampire mosquitoes
  A spatial vortex (Abyss:4)
  3 wargs
  A harpy simulacrum (Abyss:3)
  5 hell hounds (Elf:1)
  12 water moccasins
  3 acid dragons
  23 orc warriors
  6 black bears
  18 wolves
  6 centaurs
  21 ogres
  2 hornet zombies (D:15)
  7 boggarts
  2 phantoms
  6 kobold brigands
  8 bullfrogs
  11 earth elementals
  A necrophage (D:7)
  A gnoll sergeant (D:10)
  3 scorpions
  7 wights
  24 killer bees
  2 electric eels (D:12)
  4 howler monkeys
  4 crimson imps (D:4)
  An iron imp (Abyss:3)
  A jelly (D:5)
  A gnoll bouda (D:7)
  15 orc priests
  A hound (D:5)
  An iguana (D:5)
  30 orc wizards
  A boggart zombie (D:15)
  8 gnolls
  6 adders
  A shadow imp (D:8)
  2 ufetubi (D:6)
  4 worms
  4 dart slugs
  67 orcs
  10 ball pythons
  4 endoplasms
  5 giant cockroaches
  8 goblins
  6 hobgoblins
  11 jackals
  6 quokkas
  4 bats
  3 frilled lizards
  37 kobolds
  3 rats
  A lurking horror (Abyss:3)
1709 creatures vanquished.

Vanquished Creatures (collateral kills)
  Kirke (Elf:1)
  Donald (Vaults:2)
  A frost giant (IceCv)
  A war gargoyle (Vaults:2)
  An ironbound thunderhulk (Vaults:2)
  An entropy weaver (Vaults:2)
  A yaktaur captain (Vaults:2)
  An ice dragon (IceCv)
  An ugly thing (IceCv)
  A vault sentinel (Vaults:2)
  A tengu conjurer (D:14)
  2 rime drakes (IceCv)
  A slime creature (Vaults:2)
  A hog (Elf:1)
15 creatures vanquished.

Vanquished Creatures (others)
  A glowing orange brain (Depths:2)
  2 spriggan druids (Depths:2)
  A deep elf zephyrmancer (Elf:1)
  A hog (Elf:1)
  A boggart (Vaults:1)
  A demonic plant (Abyss:3)
  62 fungi
  A lurking horror (Abyss:3)
  276 plants
  4 withered plants (D:15)
350 creatures vanquished.

Grand Total: 2074 creatures vanquished

Notes
Turn   | Place    | Note
-------+----------+-------------------------------------------
     0 | D:1      | manyhoops the Octopode Transmuter began the quest for the
                  | Orb.
     0 | D:1      | Reached XP level 1. HP: 13/13 MP: 3/3
   280 | D:1      | Reached XP level 2. HP: 12/18 MP: 5/5
   394 | D:1      | Reached skill level 2 in Stealth
   707 | D:1      | Found a faded altar of an unknown god.
   794 | D:1      | Reached XP level 3. HP: 23/23 MP: 4/6
   853 | D:1      | Reached skill level 3 in Stealth
   997 | D:1      | Found Efiufu's Distillery.
  1316 | D:2      | Learned a level 2 spell: Wereblood
  1629 | D:2      | Reached XP level 4. HP: 28/28 MP: 5/7
  2218 | D:3      | Noticed an orc warrior
  2596 | D:3      | Reached XP level 5. HP: 34/34 MP: 6/8
  3147 | D:3      | Learned a level 4 spell: Ice Form
  3214 | D:3      | Found Tyrhec's Antique Armour Boutique.
  3296 | D:3      | Reached skill level 1 in Ice Magic
  3632 | D:3      | Found a stormy altar of Qazlal.
  3999 | D:3      | Killed an orc warrior
  4000 | D:3      | Reached XP level 6. HP: 32/40 MP: 9/9
  4653 | D:4      | Found a shimmering altar of Xom.
  5299 | D:4      | Reached XP level 7. HP: 45/45 MP: 10/10
  6524 | D:4      | Found a basalt altar of Yredelemnul.
  6607 | D:4      | Found a radiant altar of Vehumet.
  6690 | D:4      | Reached skill level 5 in Transmutations
  6827 | D:4      | Found an iron altar of Okawaru.
  6889 | D:5      | Entered Level 5 of the Dungeon
  7150 | D:5      | Reached XP level 8. HP: 51/51 MP: 12/12
  7525 | D:5      | Noticed a wraith
  7553 | D:5      | Killed a wraith
  8249 | D:6      | Found a broken altar of Ashenzari.
  8605 | D:6      | Reached skill level 5 in Ice Magic
  8605 | D:6      | Reached XP level 9. HP: 47/55 MP: 15/15
  8677 | D:6      | Found a staircase to the Ecumenical Temple.
  8696 | Temple   | Entered the Ecumenical Temple
  9502 | D:7      | Found a large runed translucent door.
  9503 | D:7      | Found a large runed translucent door.
  9510 | D:7      | Found a shimmering altar of Xom.
  9616 | D:7      | Reached skill level 5 in Unarmed Combat
 10521 | D:8      | HP: 1/58 [orc wizard/puff of flame (12)]
 10974 | D:8      | Reached XP level 10. HP: 65/65 MP: 16/16
 11464 | D:8      | Found a staircase to the Lair.
 11536 | D:8      | Found an opulent altar of Gozag.
 11712 | D:8      | Became a worshipper of Gozag Ym Sagoz the Greedy
 11774 | D:8      | Reached skill level 5 in Fighting
 13153 | D:9      | Reached skill level 10 in Unarmed Combat
 13365 | D:9      | Reached XP level 11. HP: 46/72 MP: 17/17
 13622 | D:9      | Noticed a cyclops
 13690 | D:9      | Found a bloodstained altar of Trog.
 13690 | D:9      | Found a white marble altar of Elyvilon.
 13690 | D:9      | Noticed a two-headed ogre
 13702 | D:9      | Killed a two-headed ogre
 14431 | D:9      | Found a blossoming altar of Fedhas.
 14452 | D:9      | Found Zin's Purification Station.
 14457 | D:9      | Found a glowing silver altar of Zin.
 14461 | D:9      | Bought a potion of curing for 90 gold pieces
 14650 | D:1      | Bought a potion of curing for 42 gold pieces
 14650 | D:1      | Bought a potion of haste for 140 gold pieces
 14650 | D:1      | Bought a potion of heal wounds for 70 gold pieces
 14650 | D:1      | Bought a potion of heal wounds for 70 gold pieces
 14650 | D:1      | Bought a potion of flight for 42 gold pieces
 14650 | D:1      | Bought a potion of haste for 140 gold pieces
 14650 | D:1      | Bought a potion of curing for 42 gold pieces
 14975 | D:9      | Found a staircase to the Orcish Mines.
 15152 | D:9      | Found a shadowy altar of Dithmenos.
 15251 | Lair:1   | Entered Level 1 of the Lair of Beasts
 15252 | Lair:1   | Noticed a catoblepas
 15262 | Lair:1   | Killed a catoblepas
 15546 | D:10     | Entered Level 10 of the Dungeon
 15582 | D:10     | Noticed a two-headed ogre
 15586 | D:10     | Killed a two-headed ogre
 15788 | D:10     | Found a sacrificial altar of Ru.
 15806 | D:10     | Found a hide-covered altar of Uskayaw.
 15814 | D:10     | Identified a scroll of acquirement
 15815 | D:10     | Acquired 1028 gold pieces
 16077 | D:10     | Found an ornate altar of the Wu Jian Council.
 16384 | D:11     | Noticed a cyan ugly thing
 16693 | Lair:1   | Reached skill level 1 in Evocations
 16744 | Lair:1   | Noticed a five-headed hydra
 16755 | Lair:1   | Killed a five-headed hydra
 17132 | Lair:2   | Reached skill level 5 in Evocations
 17132 | Lair:2   | Reached XP level 12. HP: 81/81 MP: 18/18
 17505 | Lair:2   | Noticed a five-headed hydra
 17515 | Lair:2   | Killed a five-headed hydra
 17549 | Lair:2   | Found a staircase to the Shoals.
 17569 | Lair:2   | Reached skill level 5 in Dodging
 18355 | Lair:3   | You fall into a shaft and drop 2 floors!
 18355 | Lair:5   | Entered Level 5 of the Lair of Beasts
 18495 | Lair:4   | Noticed Nessos
 18601 | Lair:3   | Reached skill level 4 in Stealth
 18650 | Lair:3   | Found a hole to the Spider Nest.
 18657 | Lair:3   | Reached skill level 5 in Stealth
 18895 | Lair:3   | Reached skill level 6 in Stealth
 19022 | Lair:3   | Reached skill level 7 in Stealth
 19047 | Lair:3   | Got the Grimoire of Evolution
 19069 | Lair:3   | Reached skill level 8 in Stealth
 19069 | Lair:3   | Reached XP level 13. HP: 86/86 MP: 19/19
 19442 | Lair:3   | Reached skill level 9 in Stealth
 19915 | Lair:4   | Noticed Nessos
 19915 | Lair:4   | Nessos changed into Nessos the merfolk
 19922 | Lair:4   | Killed Nessos the merfolk
 20422 | Lair:4   | Found a viscous altar of Jiyva.
 20644 | Lair:5   | Noticed Urug
 20764 | Lair:4   | Acquired the +1 hat "Nyegau" {Str+4 Stlth+}
 21040 | Lair:5   | Reached skill level 15 in Unarmed Combat
 21280 | Lair:5   | Killed Urug
 21567 | Lair:5   | Reached XP level 14. HP: 95/95 MP: 20/20
 21613 | Lair:5   | Reached skill level 10 in Stealth
 21870 | Lair:5   | Reached skill level 11 in Stealth
 22031 | Lair:5   | Reached skill level 12 in Stealth
 22923 | D:12     | Bought a condenser vane for 1240 gold pieces
 22957 | D:12     | Bought a scroll of fear for 80 gold pieces
 22957 | D:12     | Bought a scroll of poison for 80 gold pieces
 22957 | D:12     | Bought a scroll of magic mapping for 150 gold pieces
 23538 | D:12     | Learned a level 6 spell: Statue Form
 24196 | D:13     | Reached skill level 5 in Spellcasting
 25013 | D:14     | You fall into a shaft and drop 1 floor!
 25013 | D:15     | Entered Level 15 of the Dungeon
 25268 | D:14     | Noticed Rupert
 25289 | D:14     | Killed Rupert
 25451 | D:14     | Identified the +10 dagger of the Dark Horse {vorpal, *Slow
                  | rN+ Int+5}
 25656 | D:14     | Reached XP level 15. HP: 100/100 MP: 25/25
 25689 | D:14     | Reached skill level 13 in Stealth
 25815 | D:14     | Reached skill level 14 in Stealth
 25938 | D:14     | Found Ahatuss's Distillery.
 25941 | D:14     | Bought a potion of heal wounds for 70 gold pieces
 25941 | D:14     | Bought 2 potions of curing for 84 gold pieces
 25941 | D:14     | Bought a potion of haste for 140 gold pieces
 25941 | D:14     | Bought a potion of heal wounds for 70 gold pieces
 25941 | D:14     | Bought a potion of mutation for 112 gold pieces
 25941 | D:14     | Bought a potion of berserk rage for 70 gold pieces
 25941 | D:14     | Bought a potion of resistance for 140 gold pieces
 25941 | D:14     | Bought a potion of mutation for 112 gold pieces
 26145 | D:14     | Gained mutation: You are frail. (-10% HP) [potion of
                  | mutation]
 26145 | D:14     | Gained mutation: Your system is resistant to poisons.
                  | (rPois) [potion of mutation]
 26146 | D:14     | Lost mutation: You are frail. (-10% HP) [potion of
                  | mutation]
 26146 | D:14     | Lost mutation: Your system is resistant to poisons. (rPois)
                  | [potion of mutation]
 26146 | D:14     | Gained mutation: Your flesh is cold resistant. (rC+)
                  | [potion of mutation]
 26146 | D:14     | Gained mutation: Your body sometimes deteriorates upon
                  | taking damage. [potion of mutation]
 26147 | D:14     | Lost mutation: Your flesh is cold resistant. (rC+) [potion
                  | of mutation]
 26147 | D:14     | Lost mutation: Your body sometimes deteriorates upon taking
                  | damage. [potion of mutation]
 26147 | D:14     | Gained mutation: Your muscles are strong. (Str +4, Int/Dex
                  | -1) [potion of mutation]
 26147 | D:14     | Gained mutation: One of your tentacles bears a spike.
                  | [potion of mutation]
 26147 | D:14     | Gained mutation: Your skin blends seamlessly with your
                  | surroundings (Stealth++). [potion of mutation]
 26178 | D:14     | Found a gate to the Vaults.
 26508 | D:15     | Reached skill level 15 in Stealth
 27257 | D:15     | Found a staircase to the Depths.
 27701 | Orc:1    | Entered Level 1 of the Orcish Mines
 27787 | Orc:1    | Learned a level 5 spell: Blade Hands
 28485 | Orc:1    | Paralysed by an orc sorcerer for 4 turns
 28801 | Orc:2    | Entered Level 2 of the Orcish Mines
 28841 | Orc:2    | Noticed Maurice
 28885 | Orc:2    | Killed Maurice
 29718 | Orc:2    | Found Rovusan's Antique Weapon Boutique.
 29719 | Orc:2    | Found Zujer's Antique Armour Boutique.
 30057 | Orc:2    | Found Sexiuk's Armour Emporium.
 30068 | Orc:2    | Found Huasoal's Armour Shop.
 30072 | Orc:2    | Found a staircase to the Elven Halls.
 30095 | Orc:2    | Reached skill level 10 in Fighting
 30095 | Orc:2    | Reached XP level 16. HP: 109/109 MP: 26/26
 30099 | Orc:2    | Learned a level 3 spell: Frozen Ramparts
 30171 | Orc:2    | Reached skill level 10 in Dodging
 30830 | Spider:1 | Entered Level 1 of the Spider Nest
 31418 | Spider:1 | Reached skill level 16 in Stealth
 31431 | Spider:1 | Bought a scroll of blinking for 112 gold pieces
 31431 | Spider:1 | Bought a scroll of teleportation for 45 gold pieces
 31431 | Spider:1 | Bought a scroll of fear for 60 gold pieces
 31434 | Spider:1 | Bought a scroll of teleportation for 54 gold pieces
 31539 | Spider:1 | Identified the +10 war axe of the Known World {flame, rElec
                  | Will- Dex+4}
 31912 | Spider:2 | Reached skill level 17 in Stealth
 32030 | Spider:2 | Found a frozen archway.
 32050 | IceCv    | Entered an ice cave
 32121 | IceCv    | Reached skill level 18 in Stealth
 32404 | IceCv    | Reached skill level 19 in Stealth
 33034 | Spider:2 | Reached XP level 17. HP: 81/116 MP: 27/27
 33364 | Spider:2 | Reached skill level 20 in Stealth
 34390 | Spider:3 | Reached skill level 21 in Stealth
 34985 | Spider:3 | Reached skill level 22 in Stealth
 35298 | Spider:4 | Entered Level 4 of the Spider Nest
 35827 | Spider:4 | Noticed Arachne
 35840 | Spider:4 | Killed Arachne
 35966 | Spider:4 | HP: 1/116 [spark wasp (15)]
 36349 | Spider:4 | Reached skill level 23 in Stealth
 36547 | Spider:4 | Paralysed by a jorogumo for 3 turns
 36641 | Spider:4 | HP: 3/116 [spark wasp (17)]
 36917 | Spider:4 | Paralysed by a jorogumo for 3 turns
 37048 | Spider:4 | Paralysed by a jorogumo for 3 turns
 37069 | Spider:4 | Reached skill level 1 in Earth Magic
 37202 | Spider:4 | Reached XP level 18. HP: 119/120 MP: 28/28
 37302 | Spider:4 | Got a gossamer rune of Zot
 37639 | Shoals:1 | Entered Level 1 of the Shoals
 37828 | Shoals:4 | Entered Level 4 of the Shoals
 38133 | Shoals:4 | Reached skill level 10 in Transmutations
 38613 | Shoals:4 | Identified the +8 lajatang "Cyiquih" {drain, Int+4}
 38783 | Shoals:4 | HP: 5/124 [sea snake (14)]
 39510 | Shoals:4 | Identified the +4 ring mail of Weak Satisfaction {Int+3
                  | Dex+4}
 39626 | Shoals:4 | Got a barnacled rune of Zot
 39889 | Vaults:1 | Entered Level 1 of the Vaults
 40049 | D:12     | Bought a scroll of immolation for 124 gold pieces
 40051 | D:12     | Bought the ring of Ongacin {Wiz Int+4} for 953 gold pieces
 40331 | Vaults:1 | Found Sukasuwam's Antique Weapon Boutique.
 40347 | Vaults:1 | Reached skill level 5 in Earth Magic
 41258 | Vaults:1 | Found a runed translucent gate.
 41258 | Vaults:1 | Found a runed translucent gate.
 41258 | Vaults:1 | Found the +3 robe of Clouds {*Thunder rCloud rElec}
 41259 | Vaults:1 | Found a runed translucent gate.
 41284 | Vaults:1 | Identified the +11 spear of Freehold {vorpal, rPois}
 41455 | Vaults:1 | Noticed Laps's ghost (adept DsCj)
 41711 | Vaults:1 | Reached XP level 19. HP: 129/129 MP: 30/30
 42042 | Vaults:1 | Killed Laps's ghost
 42239 | D:12     | Bought the amulet of the Four Winds {rN+ Will+++ Clar} for
                  | 1274 gold pieces
 42239 | D:12     | Found the amulet of the Four Winds {rN+ Will+++ Clar}
 42239 | D:12     | Bought the ring of Taedicee {Int+4 SInv} for 638 gold
                  | pieces
 42415 | Vaults:2 | Noticed Donald
 42536 | Vaults:2 | Noticed Xtahua
 42552 | Vaults:2 | Killed Xtahua
 42557 | Vaults:2 | Killed Donald
 43170 | Vaults:2 | Found Nimidd's Magic Scroll Emporium.
 43831 | Vaults:2 | Identified the +1 war axe of Patterns {flame, Int+4 Dex+5}
 44149 | Vaults:2 | Identified the +0 ring mail of Nug Mia {Will+}
 44467 | Vaults:3 | Noticed Nikola
 44484 | Vaults:3 | Killed Nikola
 44710 | Vaults:3 | Found a staircase to the Crypt.
 44710 | Vaults:3 | Found a basalt altar of Yredelemnul.
 44710 | Vaults:3 | Found an ancient bone altar of Kikubaaqudgha.
 44995 | Vaults:3 | Reached XP level 20. HP: 139/139 MP: 31/31
 45130 | Vaults:3 | Reached skill level 1 in Shields
 46015 | Vaults:3 | Reached skill level 5 in Shields
 46241 | Vaults:4 | Found Weoqeboj's Magic Scroll Shoppe.
 46247 | Vaults:4 | Bought a scroll of teleportation for 54 gold pieces
 46247 | Vaults:4 | Bought a scroll of teleportation for 54 gold pieces
 46247 | Vaults:4 | Bought a scroll of acquirement for 936 gold pieces
 46247 | Vaults:4 | Acquired the ring "Vubbopro" {Wiz rElec rPois rC+ Str-4}
 46259 | Vaults:4 | Learned a level 5 spell: Freezing Cloud
 46670 | Vaults:4 | Paralysed by a great orb of eyes for 4 turns
 46769 | Vaults:4 | Reached skill level 10 in Ice Magic
 47130 | Vaults:4 | Learned a level 5 spell: Summon Forest
 47190 | Vaults:4 | Reached skill level 1 in Summonings
 47190 | Vaults:4 | Reached skill level 1 in Translocations
 47538 | Depths:1 | Entered Level 1 of the Depths
 47593 | Depths:1 | Noticed the Enchantress
 47601 | Abyss:3  | Cast into level 3 of the Abyss (spriggan defender)
 47723 | Abyss:3  | Noticed a bone dragon
 47741 | Abyss:3  | Killed a bone dragon
 47834 | Abyss:3  | Noticed a bone dragon
 47979 | Abyss:3  | Noticed a bone dragon
 47989 | Abyss:3  | Killed a bone dragon
 48007 | Depths:1 | Escaped the Abyss
 48015 | Depths:1 | Killed the Enchantress
 48016 | Depths:1 | Reached XP level 21. HP: 144/144 MP: 32/32
 48020 | Depths:1 | Reached skill level 5 in Summonings
 48020 | Depths:1 | Reached skill level 5 in Translocations
 48082 | Depths:1 | Found a gateway to Hell.
 48084 | Depths:1 | Found a one-way gateway to a ziggurat.
 48113 | Depths:1 | Identified the +2 buckler "Dudixtuh" {*Corrode rElec Dex+5
                  | SInv}
 48191 | Depths:1 | Found a sparkling altar of Nemelex Xobeh.
 48218 | Depths:1 | Found a one-way gate leading to the halls of Pandemonium.
 48314 | Depths:1 | Found a glowing silver altar of Zin.
 48914 | Depths:2 | Noticed Sojobo
 48931 | Depths:2 | Killed Sojobo
 49877 | Vaults:2 | Bought a scroll of acquirement for 624 gold pieces
 49877 | Vaults:2 | Acquired the +1 hat of Space {rElec rN+ Will++ Dex-3}
 50346 | Depths:2 | Reached skill level 24 in Stealth
 50543 | Depths:2 | Gained mutation: You are frail. (-10% HP) [a neqoxec]
 50923 | Depths:3 | Reached skill level 25 in Stealth
 51037 | Depths:3 | Noticed a golden dragon
 51046 | Depths:3 | Killed a golden dragon
 51057 | Depths:3 | Noticed a golden dragon
 51059 | Depths:3 | Killed a golden dragon
 51060 | Depths:3 | Noticed a juggernaut
 51060 | Depths:3 | Noticed a golden dragon
 51077 | Depths:3 | Killed a juggernaut
 51084 | Depths:3 | Killed a golden dragon
 51085 | Depths:3 | Reached skill level 26 in Stealth
 51088 | Depths:3 | Reached XP level 22. HP: 112/136 MP: 33/33
 51480 | Depths:3 | You fall into a shaft and drop 1 floor!
 51480 | Depths:4 | Entered Level 4 of the Depths
 51589 | Depths:4 | Found a gate to the Realm of Zot.
 51623 | Depths:4 | Reached skill level 15 in Ice Magic
 51857 | Depths:4 | Noticed a caustic shrike
 51859 | Depths:4 | Noticed a caustic shrike
 51863 | Depths:4 | Noticed a caustic shrike
 51864 | Depths:4 | Killed a caustic shrike
 51869 | Depths:4 | Killed a caustic shrike
 51880 | Depths:4 | Noticed a caustic shrike
 51883 | Depths:4 | Killed a caustic shrike
 51974 | Depths:4 | Killed a caustic shrike
 52144 | Depths:4 | Found a bloodstained altar of Trog.
 52285 | Depths:4 | Found Yklew's Jewellery Shop.
 52285 | Depths:4 | Found Qaloga's Jewellery Boutique.
 52287 | Depths:4 | Found Tupt's Weapon Boutique.
 52309 | Depths:4 | Found Pewoo's Distillery.
 52315 | Depths:4 | Bought a potion of heal wounds for 100 gold pieces
 52315 | Depths:4 | Bought a potion of might for 80 gold pieces
 52315 | Depths:4 | Bought a potion of haste for 200 gold pieces
 52315 | Depths:4 | Bought a potion of might for 80 gold pieces
 52315 | Depths:4 | Bought a potion of haste for 200 gold pieces
 52315 | Depths:4 | Bought a potion of flight for 60 gold pieces
 52315 | Depths:4 | Bought a potion of flight for 60 gold pieces
 52318 | Depths:4 | Bought a +4 ring of slaying for 1638 gold pieces
 52318 | Depths:4 | Bought a ring of protection from fire for 525 gold pieces
 53136 | Elf:1    | Entered Level 1 of the Elven Halls
 53136 | Elf:1    | Noticed Kirke
 53146 | Elf:1    | Killed Kirke
 53153 | Elf:1    | Noticed Zenata
 53167 | Elf:1    | Killed Zenata
 53356 | Elf:1    | Got Qoleoru's Enchiridion on Battling
 53707 | Elf:1    | Reached XP level 23. HP: 142/142 MP: 34/34
 53820 | Elf:1    | Noticed Azrael
 53827 | Elf:1    | Killed Azrael
 54132 | Elf:2    | Found a runed translucent gate.
 54132 | Elf:2    | Found a runed translucent gate.
 54132 | Elf:2    | Found a runed translucent gate.
 54410 | Elf:2    | Reached skill level 10 in Evocations
 54723 | Abyss:3  | Cast into level 3 of the Abyss (+1 battleaxe of distortion)
 54856 | Elf:2    | Escaped the Abyss
 55159 | Elf:3    | Entered Level 3 of the Elven Halls
 55684 | Elf:3    | Paralysed by an air elemental for 1 turns
 56421 | Elf:3    | Identified the +6 hand axe of Dithmenos's Supremacy
                  | {freeze, Int+4}
 56455 | Elf:3    | Identified the ring of Peaday {rElec rPois Str+6 Int-3
                  | Stlth+}
 56456 | Elf:3    | Identified the ring of the Heron {*Corrode rN+ Will+ Int+3
                  | SInv}
 56466 | Elf:3    | Identified the ring of Eplebb {+Blink MP+9}
 56534 | Elf:3    | Identified the +9 rapier of a bazaar {vorpal, Fly rPois
                  | Int+5 Dex-4}
 56666 | Elf:3    | Identified the ring "Laot" {Str+3 Int+6 Stlth+}
 56671 | Elf:3    | Identified the amulet "Witoir" {Acrobat rPois Int+4}
 56702 | Elf:3    | Got the Papyrus of the Virous Grave
 57277 | Depths:1 | Bought the ring "Veukku" {+Blink Fly rF+ Stlth+} for 619
                  | gold pieces
 57574 | Vaults:5 | Entered Level 5 of the Vaults
 57580 | Vaults:5 | Reached skill level 15 in Evocations
 57629 | Vaults:4 | Reached XP level 24. HP: 22/148 MP: 34/34
 57940 | Vaults:4 | Learned a level 7 spell: Ozocubu's Refrigeration
 57976 | Vaults:4 | Acquired 1140 gold pieces
 57985 | Vaults:5 | Noticed an ancient lich
 58217 | Vaults:5 | Killed from afar by an ancient lich

Illustrated notes

Levels and vault maps discovered:
D:1:      minmay_arrival_nine_rooms, layout_basic, serial_shops, shop_statue,
          ebering_ecumenical_altar_rust
D:2:      layout_rooms, minmay_quantized
D:3:      layout_basic, grunt_qazlal_sundering, serial_shops,
          nicolae_shop_statue_plus
D:4:      layout_basic, okawaru_altar_gauntlet_db, mainiacjoe_overflow_alcove_4,
          vehumet_crystals, led_xom_imps
D:5:      layout_loops_cross, minmay_chambers_of_fives
D:6:      layout_loops_cross, ashenzari_altar_1,
          minmay_temple_entry_glassed_door, st_stairs_4
D:7:      due_chaos_kobolds, layout_gridville
D:8:      layout_loops_ring, grunt_gozag_statues, grunt_lair_entry_orc_guard_hut
D:9:      layout_roguey, overflow_temple_1_default, zin_purify,
          grunt_dithmenos_shadows, minitemple, david_orc_4, grunt_ministairs_1,
          wad_dig_loot
D:10:     layout_rooms, nicolae_wu_jian_immortal_techniques,
          hangedman_ru_absence, nicolae_uskayaw_murder_on_the_dancefloor,
          minmay_fountain_box
D:11:     layout_stronghold
D:12:     layout_basic, kennysheep_generic_room_10
D:13:     layout_loops_corners
D:14:     layout_gridville, grunt_vaults_entry_fortified, serial_shops,
          kennysheep_mini, uniq_rupert
D:15:     gammafunk_enter_depths_forms, layout_stronghold, serial_undead,
          serial_undead_b, serial_undead_b, serial_undead_d, serial_undead_b,
          serial_undead_d, serial_undead_a, serial_undead_f, serial_undead_f,
          minivault_23
Temple:   hellmonk_temple_beads
Lair:1:   layout_gridlike, grunt_megastairs_5
Lair:2:   layout_roguey, minmay_shoals_entry_lonely_mermaid
Lair:3:   minmay_lair_oklob_tunnel, layout_concentric_octagons,
          spider_nest_entry_rubble
Lair:4:   layout_loops_ring, minmay_slime_entry_oklob_enclosed, uniq_nessos
Lair:5:   minmay_lair_end_enchanted_forest, layout_small_grid,
          hangedman_lair_unloving_vines, nicolae_quartered_pool_little,
          lemuel_fruit_tree, uniq_urug
Shoals:1: layout_shoals, nicolae_shoals_this_corrosion
Shoals:2: layout_shoals, nicolae_shoals_so_close, uniq_mlioglotl
Shoals:3: layout_shoals, gammafunk_ghost_berserking_beasts, uniq_mara,
          uniq_jorgrun
Shoals:4: shoals_end_grunt_garden, layout_shoals
Spider:1: layout_cave_pods
Spider:2: layout_cave_pods, portal_ice_cave_entry_pillars_four
Spider:3: layout_spider_delve, hangedman_spider_mandibles
Spider:4: floodkiller_spider_rune_tomb, nicolae_spider_paper_wasps, uniq_arachne
Orc:1:    layout_caves, minmay_orc_temple_b
Orc:2:    st_orc_open, layout_caves, uniq_maurice
Elf:1:    layout_geoelf_octagon, minmay_elf_annihilation, uniq_zenata,
          uniq_kirke, uniq_azrael
Elf:2:    elven_hall_of_blades_hangedman_original
          [nicolae_blade_entry_sentries_behind_glass], layout_geoelf_grid
Elf:3:    minmay_elf_hall_x, layout_geoelf_diagonals, grunt_megastairs_4
Vaults:1: ebering_ghost_rock_garden, nicolae_vaults_triangles, kb_rosetta,
          hangedman_vaults_snaps, ontoclasm_vaults_loading_screen,
          vaults_standard_mumra_enter_the_diamond,
          nicolae_vaults_network_square, ontoclasm_vaults_decontamination,
          layout_vaults_omnigrid, serial_shops, shop
Vaults:2: vaults_room_fours, nicolae_vaults_halls_meeting, vaults_mumra_hex,
          v_misc_13, nicolae_vaults_network_star, vaults_mumra_hexcomb,
          v_pattern_5, v_misc_9, nicolae_vaults_rhombus_7,
          layout_vaults_big_cross, serial_shops, shop_statue, uniq_donald,
          uniq_xtahua
Vaults:3: vaults_standard_mumra_enter_the_diamond, grunt_vaults_swirl,
          nicolae_vaults_fighting_squares, vaults_dpeg_spiral,
          vaults_dpeg_emergency_exit, v_misc_18,
          ontoclasm_vaults_claustrophobia, dpeg_vaults_monster_row,
          minmay_crypt_entry_necro_gods, vaults_room_grunt_arrival_ludios,
          layout_vaults_chaotic_city, uniq_nikola
Vaults:4: nicolae_vaults_three_branches, ontoclasm_vaults_shuriken,
          vaults_dpeg_hooks, v_misc_1, ontoclasm_vaults_fault,
          ontoclasm_vaults_eye, nicolae_vaults_yaktaur_gun_rack,
          hangedman_vaults_slice, hangedman_vaults_stagger,
          vaults_room_semicircle, vaults_dpeg_ring,
          nicolae_vaults_little_squares_3, vaults_dpeg_encased_lava,
          layout_vaults_maze_bifur, serial_shops, shop_scrolls
Vaults:5
Depths:1: layout_cross, enter_ziggurat_a, lemuel_tele_altar, hell_entry,
          pan_entry, minmay_misc_feat_x, nemelex_altar_shiori, uniq_enchantress
Depths:2: kb_forest_paths, layout_cave_shapes, hell_entry,
          grunt_pan_entry_sceptre, hangedman_decor_slide_cut,
          hangedman_cracks_in_the_wall, uniq_sojobo
Depths:3: minmay_bad_star, layout_gridlike, chequers_serial_rivers_marsh,
          abyss_entry, hangedman_coc_ice_floe, uniq_vv
Depths:4: grunt_zot_entry_funnels, layout_basic, grunt_hell_entry_dis_mu,
          rand_demon_pan_entry_1, trog_three_pillars_becter, minmay_shoptagon

Skill      XL: |  1  2  3  4  5  6  7  8  9 10 11 12 13 14 15 16 17 18 19 20 21 22 23 24 |
---------------+-------------------------------------------------------------------------+-----
Stealth        | 2 3 8 9 12 15 19 23 26 | 26.2
Unarmed Combat | 4 7 11 13 15 17 19 20 22 | 22.8
Fighting       | 2 4 6 7 8 10 11 12 13 | 13.7
Ice Magic      | 2 3 4 5 6 11 15 | 15.6
Transmutations | 3 4 5 7 9 12 13 | 13.0
Spellcasting   | 3 4 6 7 |  7.8
Evocations     | 5 7 8 15 16 | 16.0
Dodging        | 8 9 10 | 10.5
Earth Magic    | 1 7 |  7.6
Shields        | 6 |  6.0
Summonings     | 4 5 |  5.1
Translocations | 4 5 |  5.1

Action                   |  1- 3 |  4- 6 |  7- 9 | 10-12 | 13-15 | 16-18 | 19-21 | 22-24 || total
-------------------------+-------+-------+-------+-------+-------+-------+-------+-------++-------
Melee: Unarmed           |    80 |   154 |   236 |   534 |   925 |   834 |   740 |   512 ||  4015
       Constrict         |    24 |    35 |    15 |     1 |    12 |   167 |   114 |   102 ||   470
       Tentacles         |    15 |    17 |    12 |       |    20 |   207 |   226 |   150 ||   647
       Kick              |    20 |    20 |    18 |       |    35 |   353 |   380 |   257 ||  1083
       Punch             |     2 |    10 |     8 |     2 |    11 |   113 |   139 |   111 ||   396
       Dagger            |       |       |       |       |       |     1 |       |       ||     1
Throw: Dart              |       |     9 |     2 |       |     3 |       |       |       ||    14
 Cast: Beastly Appendage |    22 |    20 |    10 |       |       |       |       |       ||    52
       Wereblood         |       |     4 |    13 |    26 |    33 |    22 |    26 |    21 ||   145
       Ice Form          |       |       |    16 |    51 |    80 |     6 |       |       ||   153
       Blade Hands       |       |       |       |       |    19 |   118 |     1 |       ||   138
       Frozen Ramparts   |       |       |       |       |       |     3 |    11 |     6 ||    20
       Statue Form       |       |       |       |       |       |    17 |    90 |    79 ||   186
       Freezing Cloud    |       |       |       |       |       |       |    13 |    35 ||    48
       Summon Forest     |       |       |       |       |       |       |     3 |     2 ||     5
       Ozocubu's Refrige |       |       |       |       |       |       |       |    10 ||    10
Invok: Call Merchant     |       |       |       |       |     2 |     4 |       |     1 ||     7
       Potion Petition   |       |       |       |       |       |     3 |       |       ||     3
 Abil: End Transformatio |       |       |       |       |       |       |     1 |       ||     1
Evoke: Box of beasts     |       |       |       |       |     3 |     2 |     1 |     1 ||     7
       Wand              |       |       |       |       |     1 |     7 |       |       ||     8
       Condenser vane    |       |       |       |       |       |     1 |     1 |       ||     2
  Use: Potion            |       |     6 |     7 |     2 |     9 |    12 |     8 |     2 ||    46
       Scroll            |       |     5 |    13 |    13 |    10 |    15 |     9 |     5 ||    70
 Stab: Sleeping          |     6 |     4 |     3 |     5 |     7 |    33 |    21 |    13 ||    92
       Distracted        |       |       |     1 |     1 |    11 |     7 |    24 |     7 ||    51
Armor: Skin              |     7 |    39 |    78 |   163 |   242 |   280 |   397 |   345 ||  1551
Dodge: Dodged            |    59 |    90 |   114 |   187 |   430 |   608 |   445 |   308 ||  2241
Block: Buckler           |       |       |       |       |       |     2 |   203 |   159 ||   364
